 Dungeon Crawl Stone Soup version 0.29.0-15-g675c0067aa (webtiles) character file.

Game seed: 6262640714599813501

153 qw the Chopper (level 5, -1/45 HPs)
             Began as a Minotaur Berserker on Sept 13, 2022.
             Was a Follower of Trog.
             Succumbed to a scorpion's poison
             ... on level 2 of the Dungeon.
             The game lasted 00:00:16 (1435 turns).

qw the Chopper (Minotaur Berserker)                 Turns: 1435, Time: 00:00:16

Health: -1/45      AC:  5    Str: 23    XL:     5   Next: 12%
Magic:  4/4        EV: 11    Int:  4    God:    Trog [*.....]
Gold:   48         SH:  0    Dex: 10    Spells: 4/4 levels left

rFire   . . .      SeeInvis .   a - +0 war axe
rCold   . . .      Faith    .   (no shield)
rNeg    . . .      Spirit   .   f - +0 ring mail
rPois   .          Reflect  .   (helmet restricted)
rElec   .          Harm     .   (no cloak)
rCorr   .          Rampage  .   (no gloves)
Will    .....                   (no boots)
Stlth   ..........              (no amulet)
HPRegen 0.15/turn               (no ring)
MPRegen 0.09/turn               (no ring)

@: lethally poisoned (-1 -> -11), on berserk cooldown, slowed, very slow
A: horns 2, retaliatory headbutt
a: Renounce Religion, Berserk


You were on level 2 of the Dungeon.
You worshipped Trog.
Trog was aware of your devotion.
You visited 1 branch of the dungeon, and saw 2 of its levels.

You collected 48 gold pieces.


Innate Abilities, Weirdness & Mutations

You have a pair of horns on your head.
You reflexively headbutt those who attack you in melee.


   Skills:
 + Level 3.6 Fighting
 - Level 7.1 Axes
 - Level 2.4 Armour
 - Level 2.1 Dodging


You had 4 spell levels left.
You didn't know any spells.
Your spell library was empty.

Inventory:

Hand Weapons
 a - a +0 war axe (weapon)
 j - a +0 mace
Armour
 f - a +0 ring mail (worn)
Jewellery
 e - an amulet of faith
 h - a ring of protection from cold
Scrolls
 b - a scroll of identify {unknown}
 c - a scroll of amnesia {unknown}
 i - a scroll of acquirement {unknown}
Potions
 d - a potion of curing {unknown}
 g - 2 potions of berserk rage {unknown}

Dungeon Overview and Level Annotations

Branches:
Dungeon (2/15)

Altars:


Message History

You hit the scorpion but do no damage.
The scorpion is lightly wounded.
You feel very sick. The scorpion stings you.
You hit the scorpion.
The scorpion is moderately wounded.
You feel very sick. The scorpion stings you.
You are lethally poisoned!
The scorpion poisons you! The scorpion stings you.
You are more poisoned.
The scorpion poisons you!
You barely miss the scorpion.
You headbutt the scorpion, but do no damage.
The scorpion is moderately wounded.
You feel extremely sick. The scorpion barely misses you.
1429 ||| INVOKING Berserk.
A red film seems to cover your vision as you go berserk!
You feel yourself moving faster!
You feel mighty!
You feel extremely sick. The scorpion barely misses you.
You closely miss the scorpion. You headbutt the scorpion!
You kill the scorpion!
Trog accepts your kill.
You feel very sick.
Your Axes skill increases to level 7!
You have reached level 5!
There is a lethal amount of poison in your body!
You feel very sick.
There is a lethal amount of poison in your body!
You feel a strong urge to attack something.
You feel sick.
There is a lethal amount of poison in your body!
You feel sick.
There is a lethal amount of poison in your body!
You feel your anger nearly subside.
You are no longer berserk.
You are exhausted.
You feel yourself slow down.
You feel sick.
There is a lethal amount of poison in your body!
You die...

#.##...#. #.....)##
#..#.#.# ##..#.#.##
#######...#.#.##
##........##.....
##...>............
...####.<.........#.....
......%@................
........................
.................##.....
..#.###.................
. #. ##................
# ................#
......... ...... .......
.....


There were no monsters in sight!

Vanquished Creatures
  An ogre (D:2)
  A scorpion (D:2)
  A worm (D:2)
  A dart slug (D:1)
  A giant cockroach (D:2)
  A hobgoblin (D:1)
  3 jackals
  A bat (D:1)
  A frilled lizard (D:2)
  A kobold (D:1)
  A rat (D:2)
13 creatures vanquished.

Notes
Turn   | Place    | Note
-------+----------+-------------------------------------------
     0 | D:1      | qw the Minotaur Berserker began the quest for the Orb.
     0 | D:1      | Reached XP level 1. HP: 19/19 MP: 0/0
     0 | D:1      | 0 ||| qw: Version: 0.1-a-119-g272c26d
     0 | D:1      | 0 ||| qw: Game counter: 11061
     0 | D:1      | 0 ||| qw: Always use a shield: true
     0 | D:1      | 0 ||| qw: Do Orc after D:15 true
     0 | D:1      | 0 ||| qw: Do second Lair branch before Depths: true
     0 | D:1      | 0 ||| qw: Lair rune preference: random
     0 | D:1      | 0 ||| qw: Plans: Normal
     0 | D:1      | 0 ||| PLANNING D:1-11
   176 | D:1      | Reached skill level 4 in Axes
  1037 | D:1      | 1037 ||| UPGRADING to +0 ring mail.
  1047 | D:1      | 1047 ||| DROPPING +0 animal skin.
  1048 | D:1      | 1048 ||| READING scroll labelled QOIMUP PYXUSK.
  1049 | D:1      | 1049 ||| READING scroll labelled ENNICS ROAPTIEC.
  1050 | D:1      | 1050 ||| READING scroll labelled KIUS JIMEKIATT.
  1089 | D:2      | Noticed an ogre
  1094 | D:2      | 1094 ||| INVOKING Berserk.
  1097 | D:2      | Killed an ogre
  1098 | D:2      | Reached skill level 6 in Axes
  1098 | D:2      | Reached XP level 2. HP: 14/26 MP: 1/1
  1098 | D:2      | Reached XP level 3. HP: 17/31 MP: 2/2
  1098 | D:2      | Reached XP level 4. HP: 21/39 MP: 3/3
  1214 | D:2      | 1214 ||| FLEEEEING.
  1215 | D:2      | 1215 ||| FLEEEEING.
  1216 | D:2      | 1216 ||| STAIRDANCE
  1278 | D:2      | 1278 ||| STAIRDANCE
  1313 | D:2      | 1313 ||| SWAPPING to +0 war axe.
  1314 | D:2      | 1314 ||| DROPPING +0 hand axe.
  1397 | D:2      | 1397 ||| DROPPING +0 club.
  1420 | D:2      | Noticed a scorpion
  1429 | D:2      | 1429 ||| INVOKING Berserk.
  1429 | D:2      | HP: 14/58 [poisoned by a scorpion]
  1430 | D:2      | Killed a scorpion
  1431 | D:2      | Reached skill level 7 in Axes
  1431 | D:2      | Reached XP level 5. HP: 12/45 MP: 4/4
  1433 | D:2      | HP: 5/67 [poisoned by a scorpion]
  1434 | D:2      | HP: 1/45 [poisoned by a scorpion]
  1435 | D:2      | Succumbed to a scorpion's poison

Levels and vault maps discovered:
D:1:      sevenhm_arrival_forest_fort_large_4, layout_loops_ring,
          chequers_big_river
D:2:      layout_rooms

Skill      XL: |  1  2  3  4 |
---------------+-------------+-----
Axes           | 6 7 |  7.1
Fighting       | |  3.6
Armour         | |  2.4
Dodging        | |  2.1

Action                   |  1- 3 |  4- 6 || total
-------------------------+-------+-------++-------
Melee: Hand axe          |    12 |     5 ||    17
       Headbutt          |     3 |     4 ||     7
       War axe           |       |     7 ||     7
Invok: Berserk           |     1 |     1 ||     2
  Use: Scroll            |     3 |       ||     3
Armor: Ring mail         |       |     4 ||     4
Dodge: Dodged            |     5 |     6 ||    11

Table legend:
 A = Non-vault XP
 B = Vault XP
 C = Vault XP percentage of total XP
 D = Non-vault monster count
 E = Vault monster count
 F = Vault count percentage of total count
                 A         B        C        D         E       F
            +---------+---------+-------+---------+---------+-------
      Total |     219 |       0 |   0.0 |      13 |       0 |   0.0
            +---------+---------+-------+---------+---------+-------
        D:1 |      12 |       0 |   0.0 |       6 |       0 |   0.0
        D:2 |     207 |       0 |   0.0 |       7 |       0 |   0.0
            +---------+---------+-------+---------+---------+-------
